AoeStats
← Caramelbaum

Black Forest

505092771Analyzed
1v1 RM · 23d ago on Sep 7, 2026· 49m 19s· 2 players
Game mode
Random Map
Map size
Tiny (2 player)
Population
200
Speed
Normal
Resources
Standard
Victory
Conquest
Starting age
Dark Age
Ending age
Imperial Age
RankedLock teamsTeams togetherTeam positionsShared explorationLock speedFull tech treeHidden civsTurbo modeCheats
Victory
Defeat
🇺🇸 Spanish · United States
798
+14
🇩🇪 Ethiopians · Germany
763
-14
Caramelbaum
3:35 Loom
14:58 Feudal Age
19:03 Wheelbarrow
21:14 Horse Collar
25:12 Castle Age
24:52 Stone Mining
24:53 Gold Mining
26:21 Double-Bit Axe
26:38 Scale Mail Armor
26:48 Forging
26:32 Arson
28:46 Chain Mail Armor
29:07 Iron Casting
28:54 Squires
29:24 Royal Heirs
29:40 Fortified Wall
31:28 Bow Saw
36:26 Imperial Age
38:29 Two-Man Saw
38:12 Onager
43:48 Town Watch
VillagerLivesMatter
0:40 Loom
15:46 Feudal Age
20:22 Castle Age
18:11 Double-Bit Axe
18:15 Horse Collar
18:29 Gold Mining
18:34 Fletching
21:27 Heavy Plow
21:40 Bow Saw
34:12 Imperial Age
32:33 Ballistics
33:32 Padded Archer Armor
33:29 Bodkin Arrow
35:53 Chemistry
34:49 Murder Holes
35:52 Pikeman
36:33 Squires
41:44 Wheelbarrow
40:54 Town Watch
43:13 Light Cavalry
44:03 Bloodlines
43:57 Husbandry
46:45 Hussar
Connection lost

Rejoining the realm…

Still unreachable

The connection could not be restored.

Session expired

The server has moved on; the page needs a fresh start.